 Dungeon Crawl Stone Soup version 0.17.2 (webtiles) character file.

126 Goblin1989 the Poker (level 4, 0/33 HPs)
             Began as a Demonspawn Gladiator on June 29, 2016.
             Slain by Crazy Yiuf
             ... wielding a +3 quarterstaff of chaos
              (7 damage)
             ... on level 2 of the Dungeon.
             The game lasted 00:04:13 (2115 turns).

Goblin1989 the Poker (Demonspawn Gladiator)         Turns: 2115, Time: 00:04:13

Health: 0/33       AC:  6    Str: 16    XL:     4   Next: 84%
Magic:  4/4        EV: 11    Int:  9    God:
Gold:   64         SH:  0    Dex: 14    Spells: 0 memorised, 3 levels left

rFire  . . .     SeeInvis .     a - +0 trident
rCold  . . .     Clarity  .     k - +0 ring mail (curse)
rNeg   . . .     SustAt   .     (no shield)
rPois  .         Gourm    .     c - +0 helmet
rElec  .         Spirit   .     (no cloak)
rCorr  .         Warding  .     (no gloves)
rMut   .         Stasis   .     (no boots)
MR     .....                    (no amulet)
Stlth  +.........               (no ring)
                                (no ring)

@: drained, not resistant to hostile enchantments, very unstealthy
A: talons 2, rot immunity
a: no special abilities


You were on level 2 of the Dungeon.
You were very hungry.

You visited 1 branch of the dungeon, and saw 2 of its levels.

You collected 64 gold pieces.

Inventory:

Hand Weapons
 a - a +0 trident (weapon)
Missiles
 d - 3 throwing nets {=f, !d}
Armour
 c - a +0 helmet (worn)
 k - a cursed +0 ring mail (worn)
Jewellery
 m - a +2 ring of protection {unknown}
 n - a cursed amulet of inaccuracy {unknown}
 o - an uncursed ring of wizardry {unknown}
Scrolls
 f - a scroll of blinking {unknown}
 h - 3 scrolls of teleportation {unknown}
 i - 6 scrolls of identify {unknown}
 q - a scroll of fear {unknown}
 r - a scroll of enchant armour {unknown}
Potions
 b - a potion of magic {unknown}
 l - a potion of brilliance {unknown}
Comestibles
 e - 2 bread rations
 g - a beef jerky
 j - 2 slices of pizza
 p - 2 meat rations


   Skills:
 - Level 2.0(1.7) Fighting
 + Level 5.1(4.8) Polearms
 - Level 1.7(1.5) Throwing
 - Level 2.6(2.4) Dodging


You had 3 spell levels left.
You didn't know any spells.

Dungeon Overview and Level Annotations

Branches:
Dungeon (2/15)

Altars:

Annotations:
D:2 Crazy Yiuf


Innate Abilities, Weirdness & Mutations

You have razor-sharp toenails.
You are immune to rotting.


Message History

You are too injured to fight recklessly!
You are too injured to fight recklessly!
You are too injured to fight recklessly!
You are too injured to fight recklessly!
You are too injured to fight recklessly!
You are too injured to fight recklessly!
You are too injured to fight recklessly!
You are too injured to fight recklessly!
You are too injured to fight recklessly!
You are too injured to fight recklessly!
You hit Crazy Yiuf. You claw Crazy Yiuf, but do no damage.
Crazy Yiuf barely misses you.
You hit Crazy Yiuf.
Crazy Yiuf hits you with a quarterstaff of chaos.
* * * LOW HITPOINT WARNING * * *
x2 You take 8 damage, and have 6/33 hp.
MASSIVE DAMAGE!!
You hit Crazy Yiuf but do no damage. Crazy Yiuf closely misses you.
You closely miss Crazy Yiuf. You claw Crazy Yiuf, but do no damage.
Crazy Yiuf hits you with a quarterstaff of chaos!
You die...

#........ #........ #........
##....... ##....... #........
####♣♣ ### #..†.)... ##...P♣
♣♣#..)# #(.......
#....P♣♣♣♣♣@g...# #........
##.....P.♣..♣#...# ##........
#..#..P.♣.♣♣♣ ### #.........
##..###♣♣♣♣♣ #......... ##....#
#...>.....
#.....################.....##..
#..........................#...
#.......#.........)............
#....)...#.......((............


You could see Crazy Yiuf.

Vanquished Creatures
  Ijyb (D:2)
  Terence (D:2)
  3 adders (D:2)
  2 giant geckos (D:2)
  8 hobgoblins
  4 jackals (D:1)
  6 kobolds
  5 bats
  2 giant cockroaches (D:1)
  8 goblins
  8 rats
  A fungus (D:2)
49 creatures vanquished.

Notes
Turn   | Place    | Note
--------------------------------------------------------------
     0 | D:1      | Goblin1989 the Demonspawn Gladiator began the quest for the Orb.
     0 | D:1      | Reached XP level 1. HP: 16/16 MP: 1/1
   166 | D:1      | Reached skill level 3 in Polearms
   259 | D:1      | Gained mutation: You are immune to rotting. [demonic ancestry]
   259 | D:1      | Reached XP level 2. HP: 20/22 MP: 2/2
   919 | D:1      | Gained mutation: You have sharp toenails. [demonic ancestry]
   919 | D:1      | Reached XP level 3. HP: 18/27 MP: 3/3
  1279 | D:2      | Reached skill level 4 in Polearms
  1484 | D:2      | Noticed Terence
  1492 | D:2      | Killed Terence
  1492 | D:2      | Gained mutation: You have razor-sharp toenails. [demonic ancestry]
  1492 | D:2      | Reached XP level 4. HP: 29/33 MP: 4/4
  1608 | D:2      | Noticed Ijyb
  1623 | D:2      | Killed Ijyb
  1756 | D:2      | Reached skill level 5 in Polearms
  2103 | D:2      | Noticed Crazy Yiuf
  2115 | D:2      | Slain by Crazy Yiuf

Action                   |  1- 3 |  4- 6 || total
-------------------------+-------+-------++-------
Melee: Trident           |   148 |    65 ||   213
  Eat: Chunk             |     2 |     1 ||     3
